 Dungeon Crawl Stone Soup version 0.20.1-1-g8b1a95d (webtiles) character file.

283 letownia2 the Grave Robber (level 6, 0/51 HPs)
             Began as a Deep Dwarf Necromancer on Nov 28, 2017.
             Slain by a scorpion (6 damage)
             ... in an ossuary.
             The game lasted 00:07:39 (2057 turns).

letownia2 the Grave Robber (Deep Dwarf Necromancer) Turns: 2057, Time: 00:07:40

Health: 0/51       AC:  6    Str: 12    XL:     6   Next: 7%
Magic:  1/10       EV: 11    Int: 17    God:
Gold:   94         SH:  0    Dex: 13    Spells: 4/11 levels left

rFire    + . .     SeeInvis .   s - -1 war axe (curse)
rCold    . . .     Gourm    .   (no shield)
rNeg     . . .     Faith    .   o - +0 ring mail
rPois    .         Spirit   .   e - +0 helmet
rElec    .         Reflect  .   (no cloak)
rCorr    .         Harm     .   (no gloves)
MR       .....     Rnd*Tele +   (no boots)
Stlth    +.........             (no amulet)
Regen    0.0/turn               l - ring of protection from fire (curse)
MPRegen  0.2/turn               q - ring of teleportation (curse)

@: very slightly contaminated, non-regenerating
A: damage resistance, heal wounds, sense surroundings 1, no regeneration
a: Heal Wounds


You were in an ossuary.
You were not hungry.

You visited 1 branch of the dungeon, and saw 5 of its levels.
You also visited: Ossuary.

You collected 94 gold pieces.

Inventory:

Hand Weapons
 g - a +0 war axe
 s - a cursed -1 war axe (weapon)
Armour
 e - a +0 helmet (worn)
 i - a +0 leather armour
 o - a +0 ring mail (worn)
 y - a +0 scale mail
Jewellery
 l - a cursed ring of protection from fire (left hand)
 q - a cursed ring of teleportation (right hand)
Wands
 w - a wand of flame (22/48)
Scrolls
 a - 2 scrolls of immolation {unknown}
 h - 2 scrolls of amnesia {unknown}
 j - 2 scrolls of fear {unknown}
 m - 3 scrolls of fog {unknown}
 t - a scroll of enchant armour {unknown}
 u - a scroll of identify {unknown}
 v - a scroll of teleportation {unknown}
 z - a scroll of remove curse {unknown}
Potions
 d - 2 potions of resistance {unknown}
 f - a potion of flight {unknown}
 k - a potion of lignification {unknown}
 n - 2 potions of heal wounds {unknown}
 p - a potion of cancellation {unknown}
 r - a potion of curing {unknown}
Books
 b - a book of Necromancy

   Spells                             Type                      Level
   a - Pain                           Necromancy                   1
   b - Animate Skeleton               Necromancy                   1
   c - Vampiric Draining              Necromancy                   3
   d - Regeneration                   Charms/Necromancy            3
   e - Animate Dead                   Necromancy                   4
   f - Control Undead                 Necromancy                   4
 A - a book of Minor Magic

   Spells                             Type                      Level
   a - Magic Dart                     Conjuration                  1
   b - Blink                          Translocation                2
   c - Call Imp                       Summoning                    2
   d - Slow                           Hexes                        2
   e - Conjure Flame                  Conjuration/Fire             3
   f - Mephitic Cloud                 Conjuration/Poison/Air       3
Comestibles
 c - 2 bread rations
 x - a meat ration


   Skills:
 - Level 1.0 Fighting
 - Level 2.1 Dodging
 - Level 2.4 Stealth
 - Level 3.0 Spellcasting
 + Level 0.8 Conjurations
 - Level 6.8 Necromancy
 + Level 0.8 Fire Magic


You had 4 spell levels left.
You knew the following spells:

 Your Spells              Type           Power        Failure   Level  Hunger
a - Pain                  Necr           ####         2%          1    None
c - Conjure Flame         Conj/Fire      #.......     63%         3    ###....
v - Vampiric Draining     Necr           ####......   7%          3    ###....


Dungeon Overview and Level Annotations

Branches:
Dungeon (5/15)
 Temple: D:4-7

Altars:
Dithmenos
Uskayaw
Xom

Shops:
D:5 (*?

Annotations:
Ossuary letownia2's ghost, amateur DDNe


Innate Abilities, Weirdness & Mutations

You are resistant to damage.
You can heal yourself by infusing magical energy.
You passively map a small area around you.
You do not regenerate.


Message History

Confirm with . or Enter, or press ? or * to list all spells.
Aiming: Conjure Flame
Press: ? - help, Dir - move target cursor You miscast Conjure Flame.
You are very lightly contaminated with residual magic.
Wisps of smoke drift from your hands.
Unknown command.
The scorpion zombie hits you but does no damage.
A spear hits the hobgoblin zombie!
You open the door.
The scorpion zombie hits you but does no damage.
A scorpion and a zombie come into view.
You found an arrow trap!
There is an open door here.
A goblin zombie comes into view.
The goblin zombie closely misses you.
You hit the goblin zombie.
The goblin zombie is severely damaged.
You hit the scorpion but do no damage. The scorpion stings you!
You die...

* ######### **
,,#...#...# *
,+...8...+ *
,#...Z...#, ,
##+###8.s.8## *
* #!?!#...@...#
,, #..!#..Z8...#
, #?!M#...#Z..#
, ##########Z##
8 #.^.#...#..^#
#..^WZ.Z'...#
#...#...#...#,,,
, ##'##########
#.WZ..# , , *


You could see a scorpion, 2 scorpion zombies, a goblin zombie and a human
zombie.

Vanquished Creatures
  2 scorpions
  A hound (D:4)
  An orc priest (D:5)
  2 worker ants (D:4)
  4 adders
  An ooze (D:3)
  A worm (D:4)
  A dart slug (D:4)
  A leopard gecko (D:3)
  7 orcs
  A giant cockroach (D:3)
  A goblin (D:2)
  2 hobgoblins
  A kobold (D:4)
  A quokka (D:3)
  2 bats (D:2)
  3 frilled lizards
  2 rats
34 creatures vanquished.

Notes
Turn   | Place    | Note
-------+----------+-------------------------------------------
     0 | D:1      | letownia2 the Deep Dwarf Necromancer began the quest for the Orb.
     0 | D:1      | Reached XP level 1. HP: 15/15 MP: 3/3
   155 | D:2      | Reached XP level 2. HP: 17/22 MP: 0/5
   450 | D:3      | Noticed a bullfrog
   580 | D:3      | Found a shadowy altar of Dithmenos.
   732 | D:3      | Found a hide-covered altar of Uskayaw.
   733 | D:3      | Noticed a dagger
   733 | D:3      | Noticed a dagger
   867 | D:3      | Reached skill level 5 in Necromancy
   960 | D:3      | Reached XP level 3. HP: 22/28 MP: 1/6
  1028 | D:3      | Learned a level 3 spell: Vampiric Draining
  1308 | D:4      | Reached XP level 4. HP: 24/36 MP: 4/8
  1376 | D:4      | Noticed a phantom
  1406 | D:4      | Reached skill level 6 in Necromancy
  1406 | D:4      | Reached XP level 5. HP: 13/42 MP: 0/9
  1951 | D:5      | Entered Level 5 of the Dungeon
  1951 | D:5      | Found Zat Uffoguith's General Store.
  1951 | D:5      | Found Wafoett's Antique Weapon Emporium.
  1952 | D:5      | Found Errukhli's Magic Scroll Shop.
  1972 | D:5      | Reached skill level 1 in Fighting
  1982 | D:5      | Found a shimmering altar of Xom.
  2008 | D:5      | Found a sand-covered staircase.
  2017 | Ossuary  | Entered an ossuary
  2022 | Ossuary  | Learned a level 3 spell: Conjure Flame
  2030 | Ossuary  | Noticed letownia2's ghost (amateur DDNe)
  2031 | Ossuary  | Reached XP level 6. HP: 15/51 MP: 1/10
  2057 | Ossuary  | Slain by a scorpion

Skill      XL: |  1  2  3  4  5 |
---------------+----------------+-----
Spellcasting   | 2 3 |  3.0
Necromancy     | 5 6 |  6.8
Fighting       | 1 |  1.0
Dodging        | |  2.1
Stealth        | |  2.4
Conjurations   | |  0.8
Fire Magic     | |  0.8

Action                   |  1- 3 |  4- 6 || total
-------------------------+-------+-------++-------
Melee: War axe           |    14 |    18 ||    32
 Cast: Pain              |    44 |     8 ||    52
       Vampiric Draining |     1 |    19 ||    20
  Eat: Chunk             |     2 |     4 ||     6
Armor: Robe              |     5 |       ||     5
       Leather armour    |     2 |       ||     2
       Ring mail         |     4 |    36 ||    40
Dodge: Dodged            |    22 |    95 ||   117
